 Dungeon Sprint DCSS version 0.24-a0-244-ga6a6ab7 (webtiles) character file.

Game seed: 18072283340889342508

1948 MikeHunt the Grappler (level 8, -6/111 HPs)
             Began as a Troll Fighter on Apr 10, 2019.
             Was a Priest of Okawaru.
             Mangled by a deep troll (16 damage)
             ... in the Dungeon (Sprint I: "Red Sonja").
             The game lasted 00:02:52 (322 turns).

MikeHunt the Grappler (Troll Fighter)                Turns: 322, Time: 00:02:53

Health: -6/111     AC:  8    Str: 30    XL:     8   Next: 98%
Magic:  6/7        EV: 14    Int:  4    God:    Okawaru [***...]
Gold:   305        SH: 12    Dex: 11    Spells: 7/7 levels left

rFire    . . .     SeeInvis .     - Unarmed
rCold    . . .     Gourm    +   b - +0 shield
rNeg     . . .     Faith    .   l - +2 robe {MR+}
rPois    .         Spirit   .   (helmet restricted)
rElec    .         Reflect  .   (no cloak)
rCorr    .         Harm     .   (gloves unavailable)
MR       +....     NoTele   +   (boots unavailable)
Stlth    ..........             (no amulet)
HPRegen  0.68/turn              (no ring)
MPRegen  0.10/turn              (no ring)

@: mighty, berserking, lethally poisoned (-6 -> -6), very quick
A: large, unfitting armour, claws 3, fast metabolism 3, gourmand, regeneration
1, shaggy fur 1, tough skin 3
a: Heroism, Renounce Religion


You were in the Dungeon.
You worshipped Okawaru.
Okawaru was most pleased with you.
You were very full.

You visited 1 branch You collected 305 gold pieces.

Inventory:

Armour
 b - a +0 shield (worn)
 l - a +2 robe of magic resistance (worn)
Wands
 k - a wand of digging (6)
Scrolls
 a - a scroll of remove curse {unknown}
 j - a scroll of blinking
Potions
 e - a potion of curing
 g - a potion of haste
 h - 3 potions of magic
Comestibles
 d - 2 rations
 m - 5 chunks of flesh {@w1}


   Skills:
 - Level 2.4 Fighting
 + Level 8.9 Dodging
 - Level 9.0 Shields
 + Level 13.9 Unarmed Combat


You had 7 spell levels left.
You didn't know any spells.
Your spell library was empty.

Dungeon Overview and Level Annotations

Branches:
Dungeon (1/1)

Altars:
Cheibriados
Dithmenos
Elyvilon
Fedhas
Gozag
Hepliaklqana
Kikubaaqudgha
Nemelex Xobeh
Okawaru
Qazlal
Ru
Sif Muna
Trog
Uskayaw
Vehumet
Wu Jian
Yredelemnul
Zin
The Shining One

Shops:
D =

Annotations:
D Sonja


Innate Abilities, Weirdness & Mutations

You are too large for most types of armour.
You have claws for hands.
Your metabolism is lightning-fast.
You like to eat raw meat.
Your natural rate of healing is unusually fast.
You are covered in fur. (AC +1)
You have extremely tough skin. (AC +3)


Message History

You kill the hornet!
Okawaru is honoured by your kill.
You feel sick.
You feel sick.
There is an open door, spattered with blood here.
You feel sick.
Which direction?
You close the door.
You feel sick.
A deep troll opens the door.
You feel very mighty all of a sudden.
You feel like a meek peon again.
You feel sick. The deep troll bites you. The deep troll barely misses you.
The deep troll claws you but does no damage.
You completely miss the deep troll.
You feel sick. The deep troll bites you!
* * * LOW HITPOINT WARNING * * *
You block the deep troll's attack. The deep troll claws you.
* * * LOW HITPOINT WARNING * * *
A red film seems to cover your vision as you go berserk!
You feel yourself moving faster!
You feel mighty!
You feel yourself speed up.
You feel sick. The deep troll completely misses you. The deep troll claws you!
You die...

################
#<.#..').#.['..#
#..').#..'..#@.+
#..#####'#####T#
#..####..#...#)# ##?§#
#..#__####..##(#≈§c§.#
#..#_____##'#_.)§§§§
#⌠⌠#_.∩..÷'..._#§§§§.#
####_..__##_.#+##'## #
#_____###'# .? #######
#. ##


You could see a deep troll.

Vanquished Creatures
  2 centaur warriors (D)
  A hornet (D)
  Sigmund (D)
  A yak (D)
  An ogre (D)
  A jelly (D)
  Ijyb (D)
8 creatures vanquished.

Notes
Turn   | Place    | Note
-------+----------+-------------------------------------------
     0 | D        | MikeHunt the Troll Fighter began the quest for the Orb.
     0 | D        | Reached XP level 1. HP: 22/22 MP: 0/0
     1 | D        | Noticed Ijyb
    14 | D        | Killed Ijyb
    14 | D        | Reached skill level 4 in Unarmed Combat
    14 | D        | Reached XP level 2. HP: 19/29 MP: 1/1
    35 | D        | Noticed an ogre
    40 | D        | Killed an ogre
    40 | D        | Reached skill level 6 in Unarmed Combat
    40 | D        | Reached XP level 3. HP: 22/36 MP: 2/2
    40 | D        | Reached XP level 4. HP: 27/44 MP: 3/3
    78 | D        | Noticed Sigmund
    87 | D        | Killed Sigmund
    87 | D        | Reached skill level 9 in Unarmed Combat
    87 | D        | Reached XP level 5. HP: 46/50 MP: 4/4
    87 | D        | Reached XP level 6. HP: 54/59 MP: 5/5
   114 | D        | Found a deep blue altar of Sif Muna.
   115 | D        | Found an ornate altar of the Wu Jian Council.
   116 | D        | Found a radiant altar of Vehumet.
   142 | D        | Found Cishumup's Jewellery Emporium.
   142 | D        | Found an ancient bone altar of Kikubaaqudgha.
   142 | D        | Found a hazy altar of Hepliaklqana.
   142 | D        | Found a hide-covered altar of Uskayaw.
   142 | D        | Found a basalt altar of Yredelemnul.
   142 | D        | Found an opulent altar of Gozag.
   142 | D        | Found a snail-covered altar of Cheibriados.
   142 | D        | Found a sacrificial altar of Ru.
   142 | D        | Found a shadowy altar of Dithmenos.
   142 | D        | Noticed a yak
   143 | D        | Found a stormy altar of Qazlal.
   143 | D        | Found a blossoming altar of Fedhas.
   143 | D        | Found a bloodstained altar of Trog.
   143 | D        | Found an iron altar of Okawaru.
   143 | D        | Found a glowing golden altar of the Shining One.
   143 | D        | Found a glowing silver altar of Zin.
   143 | D        | Found a white marble altar of Elyvilon.
   147 | D        | Killed a yak
   147 | D        | Reached skill level 10 in Unarmed Combat
   148 | D        | Found a sparkling altar of Nemelex Xobeh.
   156 | D        | Became a worshipper of Warmaster Okawaru
   168 | D        | Noticed a centaur warrior
   168 | D        | Noticed a centaur warrior
   179 | D        | Killed a centaur warrior
   179 | D        | Reached * piety under Okawaru
   179 | D        | Reached ** piety under Okawaru
   179 | D        | Reached skill level 12 in Unarmed Combat
   179 | D        | Reached XP level 7. HP: 26/66 MP: 6/6
   179 | D        | Reached XP level 8. HP: 29/74 MP: 7/7
   256 | D        | Noticed Sonja
   268 | D        | Noticed a hornet
   270 | D        | Killed a centaur warrior
   270 | D        | Reached *** piety under Okawaru
   270 | D        | Reached skill level 13 in Unarmed Combat
   312 | D        | Paralysed by a hornet for 3 turns
   312 | D        | Noticed a deep troll
   316 | D        | Killed a hornet
   322 | D        | Mangled by a deep troll

Levels and vault maps discovered:
D:        dungeon_sprint_1 [red_sonja_temple_1, red_sonja_temple_small_1]

Skill      XL: |  1  2  3  4  5  6  7  8 |
---------------+-------------------------+-----
Shields        | 4 6 7 9 |  9.0
Unarmed Combat | 4 6 9 12 13 | 13.9
Dodging        | 6 8 |  8.9
Fighting       | |  2.4

Action                   |  1- 3 |  4- 6 |  7- 9 || total
-------------------------+-------+-------+-------++-------
Melee: Unarmed           |    17 |    18 |     9 ||    44
Invok: Heroism           |       |       |     1 ||     1
  Use: Potion            |       |     1 |     2 ||     3
  Eat: Chunk             |     1 |     6 |     1 ||     8
Armor: Robe              |     3 |     2 |     3 ||     8
Dodge: Dodged            |     1 |     2 |     4 ||     7
Block: Shield            |     3 |     5 |     4 ||    12

Table legend:
 A = Non-vault XP
 B = Vault XP
 C = Vault XP percentage of total XP
 D = Non-vault monster count
 E = Vault monster count
 F = Vault count percentage of total count
                 A         B        C        D         E       F
            +---------+---------+-------+---------+---------+-------
      Total |       0 |    2784 | 100.0 |       0 |       8 | 100.0
            +---------+---------+-------+---------+---------+-------
          D |       0 |    2784 | 100.0 |       0 |       8 | 100.0
            +---------+---------+-------+---------+---------+-------
